Map: [TLMC20] Magannatha

Players

ByuN

  • Race: Terran Terran
  • Spawn Location: 11:00

LiquidCure (Cure) - Winner!

  • Race: Terran Terran
  • Spawn Location: 5:00

VOD

Have the link to the VOD?

Description

Time

  • Played on: April 21, 2025, 9:49 p.m.
  • Length: 11:56
Show
View Real Time Build Order
Export as new Build Order

ByuN Terran 

Build Orders: Reaper Expand 

Get SALT Encoding   

  12  0:00  SCV  
  13  0:12  SCV  
  14  0:17  Supply Depot  
  14  0:24  SCV  
  15  0:38  SCV  
  15  0:39  Barracks  
  16  0:43  Refinery  
  16  0:51  SCV  
  17  1:03  SCV  
  18  1:15  SCV  
  19  1:27  Reaper, Orbital Command  
  20  1:43  Command Center  
  20  1:52  SCV  
  21  1:57  Supply Depot  
  21  1:58  Marine  
  22  2:07  Factory  
  22  2:10  SCV  
  23  2:17  Bunker  
  23  2:19  Marine  
  23  2:22  SCV  
  25  2:28  Refinery  
  24  2:34  SCV  
  25  2:37  Marine  
  26  2:46  SCV  
  27  2:57  Marine  
  27  2:58  Hellion, SCV  
  29  3:04  Starport  
  30  3:06  Orbital Command  
  30  3:12  SCV  
  31  3:19  Hellion, Barracks Reactor  
  33  3:24  SCV  
  34  3:28  Refinery  
  34  3:33  SCV  
  35  3:36  SCV  
  35  3:41  Medivac  
  38  3:44  Factory Tech Lab  
  38  3:48  SCV  
  40  3:53  Supply Depot  
  40  3:55  Marine x2  
  41  3:58  SCV  
  41  4:00  SCV  
  43  4:04  Cyclone  
  43  4:08  Supply Depot  
  46  4:12  Starport Tech Lab  
  46  4:14  SCV x2  
  48  4:18  Marine x2  
  50  4:26  SCV x2  
  52  4:31  Supply Depot  
  52  4:35  Marine, Interference Matrix, Raven  
  52  4:36  Marine  
  56  4:38  SCV  
  56  4:45  SCV  
  57  4:49  Siege Tank  
  57  4:50  SCV  
  58  4:55  Marine x2  
  60  5:01  SCV  
  60  5:03  SCV  
  62  5:11  Raven  
  62  5:13  SCV  
  65  5:15  SCV  
  65  5:17  Command Center  
  66  5:22  Supply Depot  
  66  5:29  SCV  
  66  5:30  SCV, Factory Reactor  
  66  5:32  Barracks  
  66  5:34  Barracks  
  68  5:36  Stimpack  
  68  5:42  SCV x2  
  70  5:45  Raven  
  70  5:47  Engineering Bay x2  
  72  5:50  Marine  
  72  5:53  Refinery  
  72  5:54  SCV x2  
  75  6:06  SCV x2  
  77  6:12  Barracks x2  
  77  6:16  Terran Infantry Armor Level 1, Terran Infantry Weapons Level 1  
  77  6:18  Marine  
  78  6:29  Marine x2, SCV x2, Siege Tank, Orbital Command  
  85  6:34  Starport Reactor  
  85  6:37  Marine x2  
  85  6:38  Marine  
  88  6:45  SCV x2  
  90  6:47  Supply Depot  
  90  6:48  Supply Depot  
  90  6:52  Missile Turret  
  90  6:53  Marine x2  
  90  6:54  Orbital Command  
  92  6:55  Marine  
  92  6:59  Missile Turret  
  93  7:08  Marine  
  93  7:09  SCV x2, Siege Tank  
  93  7:10  Supply Depot x2  
  99  7:16  Combat Shield  
  99  7:21  SCV x3  
  102  7:25  Barracks Reactor x2  
  102  7:28  Armory  
  102  7:33  SCV x3  
  102  7:34  Marine  
  102  7:35  Marine x3  
  109  7:39  Supply Depot  
  99  7:45  SCV x3  
  99  7:50  Marine  
  101  7:52  Marine, Siege Tank  
  101  7:57  SCV x3  
  97  7:59  Marine, Medivac x2  
  97  8:00  Marine x2  
  104  8:08  Marine  
  104  8:09  SCV x2  
  104  8:10  Marine  
  104  8:17  Marine x3  
  104  8:18  Marine x3  
  104  8:19  Marine  
  105  8:22  SCV x2  
  105  8:24  Siege Tank  
  105  8:26  Marine  
  110  8:28  Marine  
  110  8:32  Command Center  
  101  8:35  Marine x3  
  101  8:36  Marine x3  
  101  8:40  Marine  
  107  8:44  Marine  
  107  8:46  Marine  
  107  8:47  Armory  
  108  8:53  Marine x3  
  108  8:54  Marine  
  108  8:55  Marine  
  99  8:56  Siege Tank  
  99  8:57  Marine  
  99  8:59  Marine  
  99  9:02  Marine  
  102  9:03  Marine  
  102  9:07  SCV x2  
  105  9:11  Marine  
  105  9:15  Marine x4  
  105  9:16  Marine  
  111  9:17  Marine  
  111  9:19  SCV x2  
  111  9:20  Marine  
  111  9:21  Marine  
  116  9:31  SCV x2  
  116  9:33  Supply Depot  
  116  9:34  Supply Depot  
  116  9:37  Marine x6  
  116  9:38  Marine  
  125  9:44  Siege Tank  
  128  9:47  Orbital Command  
  128  9:51  SCV x2  
  129  10:03  Marine x8  
  129  10:04  Marine  
  138  10:19  Siege Tank  
  138  10:20  Marine  
  138  10:21  Marine  
  133  10:25  Marine  
  133  10:26  Marine  
  133  10:27  Marine x3  
  137  10:29  Marine x2  
  139  10:38  Marine  
  139  10:39  Marine  
  139  10:41  Supply Depot  
  141  10:43  Marine  
  141  10:44  Marine  
  141  10:46  Marine x2  
  144  10:50  Marine x2  
  144  10:51  Siege Tank  
  144  10:53  Marine  
  144  10:54  Medivac x2  
  144  10:56  Marine x2  
  156  11:07  Marine x2  
  156  11:09  Marine x4  
  139  11:12  Marine  
  139  11:14  Marine x2  
  141  11:20  Sensor Tower  
  141  11:24  Medivac x2  
  141  11:25  Marine x2  
  147  11:27  Marine x2  
  147  11:29  Marine x3  
  147  11:31  SCV x3  
  147  11:32  Marine  
  130  11:34  Marine  
  110  11:43  SCV x3  
Show
View Real Time Build Order
Export as new Build Order

LiquidCure Terran - Winner!

Build Orders:  

Get SALT Encoding   

  12  0:00  SCV  
  13  0:12  SCV  
  14  0:17  Supply Depot  
  14  0:24  SCV  
  15  0:38  SCV  
  15  0:39  Barracks  
  16  0:44  Refinery  
  16  0:50  SCV  
  17  1:01  Barracks  
  17  1:04  SCV  
  18  1:16  SCV  
  19  1:27  Reaper, Refinery  
  19  1:31  Orbital Command  
  20  1:44  Supply Depot  
  20  1:49  Reaper  
  21  1:57  SCV  
  21  1:59  Reaper  
  23  2:09  SCV  
  24  2:17  Factory  
  24  2:21  SCV  
  25  2:25  Reaper  
  26  2:34  SCV  
  26  2:35  Reaper  
  27  2:38  Supply Depot  
  27  2:46  SCV  
  28  2:58  SCV  
  28  3:01  Hellion  
  32  3:08  Command Center  
  32  3:13  SCV  
  32  3:17  Barracks Reactor  
  32  3:19  Starport  
  32  3:25  SCV  
  32  3:26  Supply Depot  
  33  3:27  Factory Tech Lab  
  33  3:37  SCV  
  32  3:44  Refinery  
  32  3:46  Cyclone  
  35  3:50  SCV  
  36  3:56  Medivac  
  36  4:02  SCV  
  39  4:06  Marine  
  39  4:07  Marine  
  41  4:14  SCV  
  42  4:18  Siege Tank  
  42  4:20  Orbital Command  
  45  4:24  Marine x2  
  45  4:26  SCV  
  45  4:28  Starport Tech Lab  
  48  4:38  SCV  
  49  4:41  Supply Depot  
  49  4:45  Marine  
  50  4:51  SCV  
  50  4:52  SCV  
  52  4:57  Marine  
  53  5:01  Marine, Starport Reactor  
  53  5:02  Stimpack  
  53  5:03  Marine  
  53  5:04  SCV x2  
  57  5:11  Siege Tank  
  60  5:16  SCV x2  
  62  5:22  Marine x2  
  62  5:23  Command Center, Marine  
  62  5:26  Supply Depot  
  65  5:31  SCV x2  
  67  5:37  Medivac  
  67  5:40  Supply Depot  
  67  5:41  Marine  
  70  5:47  Marine x2, SCV, Medivac  
  70  5:48  SCV  
  76  5:56  Supply Depot  
  76  6:00  SCV x2  
  76  6:02  Marine, Siege Tank  
  82  6:05  Marine x2  
  82  6:09  Supply Depot  
  82  6:10  Supply Depot  
  84  6:12  SCV x2  
  84  6:18  Refinery  
  86  6:19  Marine  
  86  6:23  Marine  
  86  6:25  Marine  
  89  6:30  Barracks  
  89  6:34  Siege Tank  
  89  6:38  Engineering Bay x2  
  92  6:40  Orbital Command  
  92  6:42  Marine x3  
  92  6:44  SCV x2  
  96  6:48  Combat Shield  
  96  6:57  Barracks  
  94  7:02  Marine  
  94  7:03  Barracks, Marine x2  
  94  7:06  Siege Tank  
  94  7:07  Medivac x2  
  104  7:11  SCV x2  
  104  7:13  Orbital Command  
  106  7:17  Terran Infantry Weapons Level 1  
  106  7:18  Supply Depot x2  
  106  7:20  Terran Infantry Armor Level 1  
  106  7:23  SCV x2  
  106  7:24  Barracks Reactor  
  106  7:25  Marine  
  106  7:26  Marine  
  106  7:29  Marine  
  107  7:52  Marine x5  
  107  7:53  SCV x2  
  107  7:54  SCV, Siege Tank  
  107  7:55  Medivac  
  107  7:56  Medivac  
  105  8:07  Marine x2  
  105  8:10  Marine x2  
  106  8:16  Marine  
  106  8:18  Barracks Reactor  
  106  8:19  Barracks Reactor  
  106  8:20  SCV  
  106  8:21  Armory, SCV x2  
  106  8:22  Supply Depot  
  106  8:24  Marine x2  
  108  8:28  Marine x2  
  98  8:34  Marine  
  98  8:35  SCV  
  98  8:36  SCV x2  
  102  8:42  Marine x2  
  102  8:46  Marine x2, Siege Tank  
  109  8:52  Marine  
  109  8:55  SCV x3  
  102  8:59  Marine x4  
  102  9:00  Marine x2  
  104  9:03  Viking x2, Marine x2  
  104  9:07  Refinery  
  106  9:10  Marine  
  106  9:11  Missile Turret, Sensor Tower  
  106  9:12  Terran Infantry Weapons Level 2  
  106  9:15  Missile Turret  
  106  9:16  Terran Infantry Armor Level 2  
  107  9:17  Marine x4  
  107  9:18  Terran Vehicle Weapons Level 1, Marine  
  107  9:21  Siege Tank, Refinery  
  115  9:28  Marine x2  
  115  9:29  Marine  
  119  9:34  Missile Turret  
  119  9:41  Medivac  
  119  9:42  Medivac  
  119  9:44  Marine x5, Factory  
  127  9:46  Marine  
  127  9:47  Barracks Reactor  
  127  9:50  Command Center  
  128  9:53  Siege Tank  
  128  9:59  Marine x2  
  132  10:02  Marine x4  
  136  10:07  Supply Depot x2  
  136  10:10  Supply Depot  
  136  10:18  Marine x4  
  136  10:19  Marine x4  
  139  10:24  Marine x2  
  139  10:25  Siege Tank  
  137  10:32  Siege Tank  
  140  10:36  Marine x4  
  140  10:37  Marine x2  
  140  10:42  Marine x4  
  150  10:54  Marine x4  
  150  10:56  Viking x2  
  156  10:57  Siege Tank  
  156  10:59  Marine x2  
  156  11:04  Siege Tank  
  164  11:05  Marine x4  
  156  11:12  Marine x2  
  156  11:13  Marine x2  
  156  11:14  Orbital Command  
  160  11:29  Marine x4  
  160  11:30  Marine x2  
  155  11:36  Marine x4  
Tags
 
Add a new tag
Caveats
  • Supply blocks, unpowered buildings, or Contaminate may cause inaccurate times.
  • Supply counts are checked every 10 seconds.